 Dungeon Crawl Stone Soup version 0.30.1-11-g7821555f0a (webtiles) character file.

Game seed: 11795807678056314972

639817 Zhuub the Axe Maniac (level 27, -9/272 (273) HPs)
             Began as a Minotaur Gladiator on Nov 11, 2023.
             Was a High Priest of Jiyva.
             Killed by divine providence
             ... invoked by a royal mummy
              (14 damage)
             ... on level 3 of the Tomb of the Ancients on Nov 13, 2023.
             The game lasted 08:23:24 (55848 turns).

Zhuub the Axe Maniac (Minotaur Gladiator)          Turns: 55848, Time: 08:23:25

HP:   -9/272 (273)  AC: 45    Str: 29 (30) XL:     27
MP:   0/22          EV: 20    Int: 13 (14) God:    Jiyva [*****.]
Gold: 2493          SH:  0    Dex: 13      Spells: 26/26 levels left

rFire   + . .        V - +7 executioner's axe (flame)
rCold   + + +        (shield currently unavailable)
rNeg    + + .        T - +9 scales of the Dragon King {rPois rF+ rC+ Will+}
rPois   +            J - +2 hat of the Bear Spirit {Spirit, Bear, *Rage Will++}
rElec   +            S - scarf {shadows}
rCorr   +            n - +2 pair of gloves {hurl}
SInv    +            a - +2 pair of boots {rampage}
Will    +++++        g - amulet "Jisarycs" {Spirit rElec Will++} Stlth
                     q - ring "Ossarhal" {Fly rPois rN+ Int+5 SInv}
HPRegen 2.09/turn    j - ring "Ceyninn" {rN+ Slay+2}
MPRegen 0.63/turn

%: clarity, guardian spirit, rampage
@: calling ooze, flying, studying Axes, lightly drained
A: horns 2, retaliatory headbutt, clarity, clever 1, cold resistance 2, sense
surroundings 1, gelatinous body 3, translucent skin 2, tendrils, jelly absorbing
missiles, sturdy frame 1, engulf
}: 4/15 runes: serpentine, barnacled, slimy, silver
a: Renounce Religion, Oozemancy, Slimify


You were on level 3 of the Tomb of the Ancients.
You worshipped Jiyva.
Jiyva was extremely pleased with you.
You visited 13 branches of the dungeon, and saw 55 of its levels.
You visited 1 ziggurat, and saw 11 of its levels.
You also visited: Ice Cave and Desolation.

You collected 6026 gold pieces.
You spent 3533 gold pieces at shops.

Inventory:

Hand Weapons
 c - a +3 battleaxe of draining
 t - the +3 quarterstaff "Zhuub's Foe" {drain, Dex+3}
   (You found it on level 10 of a ziggurat)

   Dex:       It affects your dexterity (+3).
 M - the +5 great mace "Qesanuwk" {holy, Drain rElec rPois Dex+7}
   (You found it on level 3 of the Vaults)

   Dex:       It affects your dexterity (+7).
   rElec:     It insulates you from electricity.
   rPois:     It protects you from poison.
   Drain:     It drains your maximum health when unequipped.
 P - the +6 dagger of Zairar {drain, Fly rF+++ Str+4 Dex-3}
   (You found it in the Desolation of Salt)

   Str:       It affects your strength (+4).
   Dex:       It affects your dexterity (-3).
   rF:        It renders you almost immune to fire.
   Fly:       It grants you flight.
 Q - the +7 trident of Doom {venom, *Rage rElec rF++ Stlth+}
   (You found it on level 5 of the Pits of Slime)

   rF:        It greatly protects you from fire.
   rElec:     It insulates you from electricity.
   *Rage:     It berserks you when you make melee attacks (+20% chance).
   Stlth:     It makes you more stealthy.
 V - a +7 executioner's axe of flaming (weapon)
Missiles
 d - 2 throwing nets
 m - a poisoned dart (quivered)
 R - 6 javelins
Armour
 a - a +2 pair of boots of rampaging (worn)
 n - a +2 pair of gloves of hurling (worn)
 x - the +4 hat "Worghadat" {rF+++ rC- Regen+ Int-5 SInv}
   (You found it on level 1 of the Vaults)

   Int:       It affects your intelligence (-5).
   rF:        It renders you almost immune to fire.
   rC:        It makes you vulnerable to cold.
   SInv:      It lets you see invisible.
   Regen:     It increases your rate of health regeneration.
 G - a +1 crystal plate armour of cold resistance
 J - the +2 hat of the Bear Spirit (worn) {Spirit, Bear, *Rage Will++}
   (You found it on level 5 of the Vaults)

   Bear:      Going berserk makes the wearer exceptionally tough, and they are
   slowed for a shorter time afterward.
   *Rage:     It berserks you when you make melee attacks (+20% chance).
   Will:      It greatly increases your willpower.
 S - a scarf of shadows (worn)
 T - the +9 scales of the Dragon King (worn) {rPois rF+ rC+ Will+}
   (You bought it in a shop on level 12 of the Dungeon)

   rF:        It protects you from fire.
   rC:        It protects you from cold.
   rPois:     It protects you from poison.
   Will:      It increases your willpower.
 U - the +0 pair of boots of Ulun {Str+7}
   (You found it on level 3 of the Vaults)

   Str:       It affects your strength (+7).
Jewellery
 g - the amulet "Jisarycs" (around neck) {Spirit rElec Will++}
   (You found it on level 3 of the Crypt)

   [amulet of guardian spirit]

   It causes incoming damage to be divided between your reserves of health and
   magic.
   rElec:     It insulates you from electricity.
   Will:      It greatly increases your willpower.
 j - the ring "Ceyninn" (right hand) {rN+ Slay+2}
   (You found it on level 9 of a ziggurat)

   [ring of positive energy]

   Slay:      It affects your accuracy & damage with ranged weapons and melee
   (+2).
   rN:        It protects you from negative energy.
 q - the ring "Ossarhal" (left hand) {Fly rPois rN+ Int+5 SInv}
   (You acquired it on level 1 of the Shoals)

   [ring of see invisible]

   Int:       It affects your intelligence (+5).
   rPois:     It protects you from poison.
   rN:        It protects you from negative energy.
   SInv:      It lets you see invisible.
   Fly:       It grants you flight.
 E - the ring "Lelirch" {rElec rC+ Will+ rCorr SInv}
   (You took it off a vault guard on level 5 of the Vaults)

   [ring of resist corrosion]

   rC:        It protects you from cold.
   rElec:     It insulates you from electricity.
   SInv:      It lets you see invisible.
   rCorr:     It protects you from acid and corrosion.
   Will:      It increases your willpower.
 X - the amulet of Fixation {rF+ Regen+ Int+3}
   (You found it on level 3 of the Crypt)

   [amulet of regeneration]

   Int:       It affects your intelligence (+3).
   rF:        It protects you from fire.
   Regen:     It increases your rate of health regeneration.
 Y - the ring of Xokeerue {AC+4 Int+6 Dex+3 SInv}
   (You found it on level 5 of the Pits of Slime)

   [ring of protection]

   AC:        It affects your AC (+4).
   Int:       It affects your intelligence (+6).
   Dex:       It affects your dexterity (+3).
   SInv:      It lets you see invisible.
 Z - a +5 ring of evasion
Wands
 p - a wand of mindburst (25)
 r - a wand of digging (13)
 s - a wand of charming (15)
 A - a wand of light (21)
 C - a wand of flame (48)
 D - a wand of polymorph (33)
 W - a wand of iceblast (13)
Scrolls
 b - a scroll of butterflies
 i - 6 scrolls of enchant armour
 l - 4 scrolls of brand weapon
 z - 4 scrolls of fear
 F - 4 scrolls of silence
 H - 7 scrolls of fog
 I - 7 scrolls of magic mapping
 L - 7 scrolls of enchant weapon
 O - 2 scrolls of teleportation
Potions
 e - a potion of berserk rage
 h - 4 potions of curing
 v - a potion of resistance
 w - 2 potions of might
 y - 4 potions of haste
 B - 6 potions of magic
 N - 3 potions of mutation
Miscellaneous
 f - a condenser vane (inert)
 k - the horn of Geryon (inert)
 u - a lightning rod (4/4)
 K - a phantom mirror


   Skills:
 O Level 27 Fighting
 O Level 27 Axes
 - Level 9.4(20.0) Maces & Flails
 - Level 9.0(19.8) Polearms
 + Level 25.7 Throwing
 - Level 20.6 Armour
 O Level 27 Dodging


You had 26 spell levels left.
You didn't know any spells.
Your spell library contained the following spells:

 Spells                   Type           Power      Damage    Failure   Level
 Apportation              Tloc           0%         N/A       91%         1
 Freeze                   Ice            0%         1d3       91%         1
 Kiss of Death            Conj/Necr      0%         2d5       91%         1
 Magic Dart               Conj           0%         1d3       91%         1
 Necrotise                Necr           0%         1d4       91%         1
 Sandblast                Erth           0%         2d4       91%         1
 Shock                    Conj/Air       0%         1d3       91%         1
 Slow                     Hex            0%         N/A       91%         1
 Summon Small Mammal      Summ           0%         N/A       91%         1
 Blink                    Tloc           0%         N/A       97%         2
 Call Imp                 Summ           0%         N/A       97%         2
 Cigotuvi's Dreadful Rot  Necr/Pois/Air  0%         N/A       97%         2
 Ensorcelled Hibernation  Hex/Ice        0%         N/A       97%         2
 Lesser Beckoning         Tloc           0%         N/A       97%         2
 Momentum Strike          Conj/Tloc      0%         3d8       97%         2
 Passwall                 Tmut/Erth      0%         N/A       97%         2
 Poisonous Vapours        Pois/Air       0%         N/A       97%         2
 Searing Ray              Conj           0%         2d4       97%         2
 Static Discharge         Conj/Air       0%         2-2/arc   97%         2
 Call Canine Familiar     Summ           0%         N/A       99%         3
 Dazzling Flash           Conj/Hex       0%         N/A       99%         3
 Frozen Ramparts          Ice            0%         1d1       99%         3
 Hailstorm                Conj/Ice       0%         3d3       99%         3
 Ignite Poison            Fire/Tmut/Pois 0%         N/A       99%         3
 Mephitic Cloud           Conj/Pois/Air  0%         N/A       99%         3
 Portal Projectile        Hex/Tloc       0%         N/A       99%         3
 Spider Form              Tmut/Pois      0%         N/A       99%         3
 Stone Arrow              Conj/Erth      0%         3d7       99%         3
 Summon Guardian Golem    Hex/Summ       0%         N/A       99%         3
 Swiftness                Air            0%         N/A       99%         3
 Tukima's Dance           Hex            0%         N/A       99%         3
 Vampiric Draining        Necr           0%         2d6       99%         3
 Vhi's Electric Charge    Tloc/Air       0%         N/A       99%         3
 Volatile Blastmotes      Fire/Tloc      0%         2d10      99%         3
 Airstrike                Air            0%         2d(0-16)  100%        4
 Anguish                  Hex/Necr       0%         N/A       100%        4
 Animate Armour           Summ/Erth      0%         N/A       100%        4
 Animate Dead             Necr           0%         N/A       100%        4
 Dispel Undead            Necr           0%         3d6       100%        4
 Fulminant Prism          Conj/Hex       0%         3d5       100%        4
 Ice Form                 Ice/Tmut       0%         N/A       100%        4
 Iskenderun's Mystic Bla  Conj/Tloc      0%         2d3       100%        4
 Passage of Golubria      Tloc           0%         N/A       100%        4
 Sticky Flame             Conj/Fire      0%         2d3       100%        4
 Summon Ice Beast         Ice/Summ       0%         N/A       100%        4
 Summon Lightning Spire   Summ/Air       0%         N/A       100%        4
 Alistair's Intoxication  Tmut/Pois      0%         N/A       100%        5
 Arcjolt                  Conj/Air       0%         1d10      100%        5
 Blade Hands              Tmut           0%         N/A       100%        5
 Borgnjor's Vile Clutch   Necr/Erth      0%         N/A       100%        5
 Fireball                 Conj/Fire      0%         3d3       100%        5
 Freezing Cloud           Conj/Ice/Air   0%         6-21      100%        5
 Iskenderun's Battlesphe  Conj           0%         2d6       100%        5
 Yara's Violent Unravell  Hex/Tmut       0%         3d3       100%        5
 Conjure Ball Lightning   Conj/Air       0%         3x3d6     100%        6
 Death Channel            Necr           0%         N/A       100%        6
 Eringya's Noxious Bog    Tmut/Pois      0%         N/A       100%        6
 Plasma Beam              Fire/Air       0%         2x1d11    100%        6
 Simulacrum               Ice/Necr       0%         N/A       100%        6
 Starburst                Conj/Fire      0%         6d3       100%        6
 Summon Cactus Giant      Summ           0%         N/A       100%        6
 Haunt                    Necr/Summ      0%         N/A       100%        7
 Orb of Destruction       Conj           0%         9d5       100%        7
 Ozocubu's Refrigeration  Ice            0%         4d7       100%        7
 Spellforged Servitor     Conj/Summ      0%         N/A       100%        7
 Storm Form               Tmut/Air       0%         N/A       100%        7
 Borgnjor's Revivificati  Necr           0%         N/A       100%        8
 Infestation              Necr           0%         N/A       100%        8
 Lehudib's Crystal Spear  Conj/Erth      0%         10d2      100%        8
 Maxwell's Capacitive Co  Air            0%         ∞         100%        8
 Necromutation            Tmut/Necr      0%         N/A       100%        8
 Chain Lightning          Conj/Air       0%         N/A       100%        9
 Death's Door             Necr           0%         N/A       100%        9
 Polar Vortex             Ice            0%         N/A       100%        9
 Shatter                  Erth           0%         3d5*      100%        9


Dungeon Overview and Level Annotations

Branches:
Dungeon (15/15)            Temple (1/1) D:5            Lair (5/5) D:10
 Shoals (4/4) Lair:3        Snake (4/4) Lair:2        Slime (5/5) Lair:4
    Orc (2/2) D:12            Elf (3/3) Orc:2        Vaults (5/5) D:14
  Crypt (3/3) Vaults:2       Tomb (3/3) Crypt:3      Depths (4/4) D:15
   Hell (visited)             Zot (0/5) Depths:4      IceCv (visited)
Desolation (visited)
    Dis: Hell:1         Geh: Hell:1         Coc: Hell:1         Tar: Hell:1

Altars:
Ashenzari
Cheibriados
Dithmenos
Elyvilon
Fedhas
Gozag
Hepliaklqana
Kikubaaqudgha
Makhleb
Nemelex Xobeh
Okawaru
Qazlal
Ru
Sif Muna
Trog
Uskayaw
Vehumet
Wu Jian
Xom
Yredelemnul
Zin
The Shining One
Jiyva

Shops:
D:4 ?   D:5 (   D:9 :(=   D:12 [   D:13 [   Orc:1 (   Orc:2 *:*(   Elf:3 :
Shoals:3 =   Snake:3 [::*   Vaults:1 :   Vaults:5 :

Portals:
Hell: Depths:1 Depths:2 Depths:3 Depths:4
Abyss: Depths:2 Depths:3
Pandemonium: Orc:2 Depths:2

Annotations:
D:8 1 transporter


Innate Abilities, Weirdness & Mutations

You have a pair of horns on your head.
You reflexively headbutt those who attack you in melee.
You possess an exceptional clarity of mind.
Your mind is acute. (Int +4, Str/Dex -1)
Your flesh is very cold resistant. (rC++)
You passively map a small area around you.
Your gelatinous body deflects attacks. (AC +3, EV +3)
Your translucent skin reduces your foes' accuracy. (Stealth+)
You are covered in slimy tendrils that may disarm your opponents.
You have a small jelly attached to you that may absorb projectiles.
Your movements are slightly less encumbered by armour. (ER -2)
Your melee attacks may engulf your foes in ooze.


Message History

You hit the guardian mummy. You burn the guardian mummy.
You headbutt the guardian mummy!!
The guardian mummy is heavily damaged.
You slash the guardian mummy! You burn the guardian mummy.
You hit the ancient champion but do no damage.
The walls burn the death scarab!
The death scarab bites you but does no damage.
The walls burn the ancient champion!
The ancient champion barely misses you. You furiously retaliate!
You headbutt the ancient champion! The guardian mummy closely misses you.
The wall burns the guardian mummy!
The walls burn the emperor scorpion!
The walls burn the royal mummy!
The royal mummy mumbles some strange words.
The royal mummy casts a spell.
The walls burn the royal mummy!
You hear a shout!
You barely miss the guardian mummy. You headbutt the guardian mummy!
The guardian mummy is severely damaged.
You open the ancient champion like a pillowcase!!!
You burn the ancient champion!
You destroy the ancient champion!
You slash the death scarab! You burn the death scarab!
You hit the guardian mummy. You burn the guardian mummy.
The wall burns the death scarab!
The walls burn the death scarab!
The death scarab completely misses you. You furiously retaliate!
You headbutt the death scarab!
You destroy the death scarab!
The walls burn the guardian mummy!
The mummy priest invokes the aid of its god against you.
Something smites you!
* * * LOW HITPOINT WARNING * * *
The walls burn the death scarab! x2; The walls burn the guardian mummy!
The guardian mummy hits you.
* * * LOW HITPOINT WARNING * * *
The guardian mummy hits you but does no damage.
The walls burn the emperor scorpion!
Your surroundings suddenly seem different. 6 mummies and a skeletal warrior come into view.
The royal mummy gestures at you while chanting.
Something smites you!
You die...

#...#.....## , , ,
#..b##zM.M.###### , ,,
#...###BBz......####### , ,,,
,, #...M###.3............. , ,
##...3###:............., , ##
##B....#.............. , ,#.
#####M####........... ###z
###†...##........... , ##z..
#$$...MB##M..@...... ##.M..
#)$...B.Z.##zM..M.... #.....
#$.....BM.<##.MM.M... #<..L..
#$$....BMMB.z##M^.MMM..
#.......
#=$$...BBzBWW1##.MM...#
........
#$)$$$.B..MM.L##M...MM#
........
$$$$!$$....M.#..MMM.#...$....$
$$$$$$..2..M#..Z.M.#.^.....$$
$$/$$$.(...'MzM.MMM. , ,


You could see 2 royal mummies, 5 mummy priests, a skeletal warrior, 4 guardian
mummies and 7 mummies.

Vanquished Creatures
  A pandemonium lord (Zig:9)
  5 dread liches
  5 ancient liches
  The ghost of dolemite99 the Warrior, a veteran DrFE of Okawaru (Vaults:3)
  18 royal mummies
  Sojobo (Crypt:3)
  2 Killer Klowns (Zig:9)
  2 curse toes (Crypt:3)
  Xtahua (Crypt:3)
  Geryon (Hell)
  Vashnia (Snake:4)
  3 golden dragons
  Nikola (Snake:1)
  the Enchantress (Depths:1)
  A profane servitor (Depths:3)
  The ghost of Grendle the Earth Mage, an adept GrEE of Vehumet (Vaults:1)
  A Tzitzimitl (Zig:9)
  Zenata (Crypt:3)
  A walking crystal tome (Depths:3)
  A Hell Sentinel (Zig:1)
  A shard shrike skeleton (Crypt:3)
  4 tentacled monstrosities
  A walking earthen tome (Depths:3)
  Rupert (Lair:5)
  2 Ice Fiends (IceCv)
  Jorgrun (Orc:1)
  Mlioglotl (Snake:3)
  A quicksilver dragon (Depths:3)
  8 liches
  A searing wretch (Zig:5)
  3 deep elf blademasters
  5 krakens (Shoals:4)
  3 titans (Vaults:5)
  10 sphinxes
  2 deep elf master archers (Elf:3)
  Agnes (D:15)
  9 ancient champions
  The ghost of sleeves the Convoker, an adept BaSu of Sif Muna (Snake:2)
  5 storm dragons
  5 shadow dragons
  Frances (D:14)
  9 tengu reavers
  6 nagarajas
  5 revenants
  A draconian knight (Zig:3)
  An iron dragon (Vaults:4)
  9 frost giants
  10 fire giants
  A draconian scorcher (Zig:10)
  An emperor scorpion (Zig:7)
  7 deep elf sorcerers
  A balrug (Depths:4)
  3 imperial myrmidons (Desolation)
  2 draconian shifters
  Aizul (Vaults:3)
  4 curse skulls
  4 deep elf elementalists (Elf:3)
  2 ghost moths (Zig:7)
  6 ghouls
  4 orc warlords
  13 vault wardens
  A juggernaut zombie (Tomb:2)
  2 caustic shrike zombies
  22 ironbound preservers
  3 draconian annihilators
  26 very ugly things
  5 reapers
  4 war gargoyles
  A demonspawn blood saint (Zig:10)
  7 spriggan defenders
  A caustic shrike skeleton (Crypt:1)
  A black draconian (Depths:4)
  15 dire elephants
  10 ironbound thunderhulks
  8 vampire knights
  14 stone giants
  2 halazid warlocks (Desolation)
  2 purple draconians (Depths:4)
  A white draconian (Zig:3)
  8 spark wasps
  4 bennus
  9 deep elf demonologists
  A putrid mouth (Hell)
  A red draconian (Depths:4)
  10 deep elf annihilators
  A lorocyproca (Depths:2)
  The ghost of Petet the Severer, a journeyman HOGl of Trog (Lair:3)
  A yellow draconian (Depths:4)
  7 deep elf death magi
  7 eidola
  4 crystal guardians
  2 pearl dragon zombies (Depths:3)
  Snorg (Orc:1)
  9 merfolk impalers
  4 deep elf high priests
  15 mummy priests
  4 merfolk javelineers
  12 ettins
  8 fire dragons
  4 jiangshi
  14 yaktaur captains
  Josephine (D:14)
  5 entropy weavers
  4 ragged hierophants (Desolation)
  6 peacekeepers
  2 caustic shrike simulacra
  4 salamander tyrants
  6 hydras
  8 spriggan air magi
  A fenstrider witch zombie (Tomb:1)
  10 servants of whispers (Desolation)
  2 rakshasas (Depths:1)
  2 demonspawn (Orc:2)
  7 ice dragons
  2 hell beasts (Depths:1)
  2 catoblepae (Shoals:2)
  Erica (D:10)
  9 merfolk avatars
  6 ironbound frosthearts
  4 anacondas
  30 vault guards
  3 ogre magi
  A death knight (Depths:3)
  5 alligator snapping turtles
  10 centaur warriors
  28 dancing weapons
  11 merfolk aquamancers
  8 death yaks
  50 death scarabs
  7 boulder beetles
  A fenstrider witch skeleton (Crypt:3)
  4 deep troll earth magi
  2 satyrs (Shoals:4)
  9 two-headed ogres
  2 deep troll shamans
  6 hell hogs
  4 tengu warriors
  13 naga warriors
  A bennu skeleton (Crypt:1)
  6 vampire magi
  An Orb Guardian skeleton (Crypt:1)
  21 deep elf knights
  7 shock serpents
  Sonja (D:13)
  6 naga sharpshooters (Snake:4)
  3 soul eaters
  A storm dragon zombie (Tomb:1)
  7 spriggan berserkers
  A fire crab (shapeshifter) (D:14)
  11 sun demons
  3 iron trolls
  A fire crab (Lair:5)
  11 hell knights
  8 skysharks
  4 orc high priests (Orc:2)
  4 salamander mystics
  The ghost of middlethird the Carver, a novice VSEE of the Shining One (D:7)
  A storm dragon skeleton (Crypt:3)
  An anaconda zombie (Crypt:1)
  16 sea snakes
  33 skeletal warriors
  An iron giant zombie (Crypt:3)
  A shadow wraith (Crypt:2)
  3 flayed ghosts
  5 bog bodies
  A spriggan druid (Zig:6)
  2 orb spiders (Zig:7)
  2 spriggan simulacra
  14 deep elf archers
  18 lindwurms
  35 deep trolls
  21 harpies
  2 orange crystal statues
  6 naga ritualists (Snake:4)
  9 necromancers
  15 ironbound convokers
  3 obsidian statues
  8 phantasmal warriors
  18 wizards
  17 orc knights
  34 deep elf pyromancers
  2 anaconda skeletons (Crypt:1)
  4 mana vipers
  29 deep elf zephyrmancers
  A frost giant zombie (Depths:1)
  2 tengu skeletons
  15 orc sorcerers
  2 will-o-the-wisps (Zig:6)
  12 cyclopes
  12 fauns
  29 ugly things
  3 wolf spiders
  12 manticores
  A manticore (shapeshifter) (Vaults:5)
  16 salamanders
  A salamander (shapeshifter) (D:10)
  9 merfolk sirens
  3 centaur zombies (D:15)
  A dire elephant zombie (Crypt:1)
  11 guardian serpents
  5 rust devils
  8 vault sentinels
  17 naga magi
  27 black mambas
  A torpor snail (Zig:7)
  A water nymph (shapeshifter) (Vaults:2)
  10 water nymphs
  A shock serpent zombie (Crypt:2)
  25 elephants
  3 molten gargoyles (Lair:5)
  A gargoyle (D:13)
  2 ice statues (Zig:4)
  6 centaur skeletons
  4 apis skeletons (Depths:3)
  5 smoke demons
  2 orange demons (Depths:2)
  13 komodo dragons
  4 kobold demonologists
  4 cane toads
  A death yak zombie (Crypt:3)
  A red draconian zombie (Crypt:2)
  2 unseen horrors (Depths:1)
  An anaconda simulacrum (IceCv)
  Maggie (D:8)
  A rime drake (Lair:3)
  33 yaktaurs
  A spark wasp simulacrum (Depths:1)
  7 freezing wraiths
  36 guardian mummies
  3 golden dragon simulacra (IceCv)
  6 tengu conjurers
  An alligator snapping turtle skeleton (Crypt:3)
  A death drake zombie (Crypt:1)
  3 ice devils
  19 merfolk
  A harpy zombie (Crypt:3)
  A tyrant leech (Zig:6)
  A hellwing (Depths:2)
  5 hornets
  8 trolls
  43 saltlings
  19 blink frogs
  2 harpy skeletons (Crypt:1)
  6 wind drakes
  7 polar bears
  A human simulacrum (Vaults:1)
  5 snapping turtles
  2 ettin zombies
  4 dream sheep
  A centaur simulacrum (D:15)
  6 flying skulls
  7 spriggans
  An air elemental (Elf:1)
  2 shadows
  A black mamba zombie (Crypt:1)
  The ghost of Psyclone the Conjurer, an amateur DECj (D:3)
  A vampire (D:14)
  A deep troll skeleton (Vaults:1)
  11 wraiths
  4 fire elementals
  A ynoxinul (Orc:2)
  22 water elementals
  9 wyverns
  Eustachio (D:5)
  A basilisk (D:14)
  15 ushabtiu (Tomb:2)
  43 yaks
  2 chaos spawn (Zig:9)
  A redback (Vaults:1)
  3 steam dragons
  5 vampire mosquitoes
  2 wargs (Orc:1)
  Menkaure (D:5)
  A harpy simulacrum (IceCv)
  40 nagas
  An acid dragon (D:9)
  14 water moccasins
  3 hydra simulacra (IceCv)
  Duvessa (D:5)
  4 hell hounds (Lair:5)
  2 black bears
  4 ettin simulacra (IceCv)
  2 swamp dragon zombies
  4 ice beasts
  40 orc warriors
  A blink frog zombie (Crypt:2)
  A sky beast (D:7)
  8 ogres
  9 boggarts
  10 wolves
  An elephant skeleton (Crypt:3)
  19 centaurs
  A rime drake zombie (Crypt:1)
  A kobold brigand (D:12)
  4 bullfrogs
  An earth elemental (Elf:3)
  2 necrophages
  A water moccasin zombie (Crypt:2)
  A salamander skeleton (Crypt:3)
  A gnoll sergeant (D:10)
  5 scorpions
  3 wights (D:9)
  8 killer bees
  A cyclops skeleton (Crypt:3)
  Dowan (D:5)
  4 howler monkeys (D:8)
  A gnoll bouda (D:6)
  5 lava snakes (Lair:5)
  5 hounds
  26 orc priests
  A sleepcap (D:7)
  2 iguanas
  23 orc wizards
  A scorpion zombie (Crypt:2)
  An ogre zombie (Crypt:3)
  A hound zombie (Crypt:1)
  26 mummies
  16 gnolls
  13 adders
  2 ufetubi
  2 worms
  A dart slug (D:1)
  89 orcs
  3 bats
  An endoplasm (D:1)
  3 giant cockroaches
  7 goblins
  6 hobgoblins
  4 quokkas
  8 ball pythons
  A frilled lizard (D:2)
  A hobgoblin zombie (Crypt:2)
  3 rats
  A spectral weapon (Zig:6)
  13 tentacles (Shoals:4)
2230 creatures vanquished.

Vanquished Creatures (collateral kills)
  A lich (Crypt:3)
  A shadow dragon (shapeshifter) (Zig:9)
  A stone giant (shapeshifter) (Zig:9)
  A deep elf death mage (Elf:3)
  A mummy priest (Tomb:1)
  A death scarab (Tomb:1)
  An apocalypse crab (Zig:9)
  2 guardian mummies
  2 mummies (Tomb:2)
11 creatures vanquished.

Vanquished Creatures (others)
  2 acid blobs (Vaults:5)
  A searing wretch (Zig:5)
  A tengu reaver (Vaults:5)
  2 fire giants
  An azure jelly (Vaults:5)
  A vault warden (Vaults:5)
  An ironbound preserver (Vaults:3)
  A stone giant (Vaults:5)
  3 great orbs of eyes
  2 yaktaur captains
  A deep elf high priest (Vaults:3)
  A rakshasa (Vaults:3)
  A vault guard (Vaults:3)
  An entropy weaver (Vaults:1)
  An ironbound frostheart (Vaults:4)
  A centaur warrior (D:15)
  A naga warrior (Snake:4)
  A naga sharpshooter (Zig:4)
  A deep elf knight (Vaults:3)
  A sun demon (Hell)
  2 wizards
  6 ironbound convokers
  A naga ritualist (Snake:4)
  A steelbarb worm (Zig:7)
  A lindwurm (shapeshifter) (Vaults:4)
  A harpy (Vaults:1)
  A merfolk siren (Shoals:4)
  An unseen horror (D:10)
  3 yaktaurs
  A saltling (Desolation)
  28 slime creatures
  A blink frog (Lair:1)
  A water moccasin (D:7)
  A boggart (Vaults:2)
  A bullfrog (Lair:4)
  239 jellies
  3 killer bees (D:10)
  A howler monkey (D:10)
  A sleepcap (D:6)
  3 orc wizards
  A tengu skeleton (Crypt:2)
  4 mummies
  2 adders
  A steam dragon skeleton (Crypt:1)
  13 orcs
  A bat (D:3)
  3 endoplasms (D:3)
  A goblin (D:3)
  2 quokkas (D:3)
  A frilled lizard (D:2)
  2 kobolds
  A rat (D:3)
  4 foxfires (Zig:6)
  27 tentacles (Shoals:4)
385 creatures vanquished.

Grand Total: 2626 creatures vanquished

Notes
Turn   | Place    | Note
-------+----------+-------------------------------------------
     0 | D:1      | Zhuub the Minotaur Gladiator began the quest for the Orb.
     0 | D:1      | Reached XP level 1. HP: 18/18 MP: 0/0
   190 | D:1      | Reached XP level 2. HP: 25/25 MP: 1/1
   196 | D:1      | Found a faded altar of an unknown god.
   204 | D:1      | Prayed at the altar of an unknown god.
   204 | D:1      | Became a worshipper of Jiyva Juhies the Shapeless
   204 | D:1      | Reached * piety under Jiyva
   681 | D:1      | Reached ** piety under Jiyva
   840 | D:2      | Reached XP level 3. HP: 31/31 MP: 2/2
   925 | D:2      | Reached skill level 1 in Armour
  1404 | D:2      | Reached XP level 4. HP: 29/38 MP: 3/3
  1511 | D:3      | Found a runed translucent door.
  1513 | D:3      | Reached *** piety under Jiyva
  1524 | D:3      | Noticed Psyclone's ghost (amateur DECj)
  1539 | D:3      | Killed Psyclone's ghost
  1540 | D:3      | Reached XP level 5. HP: 26/46 MP: 4/4
  1595 | D:3      | Gained mutation: Your melee attacks may engulf your foes in
                  | ooze. [Jiyva's grace]
  1595 | D:3      | Gained mutation: Your translucent skin slightly reduces
                  | your foes' accuracy. (Stealth+) [Jiyva's grace]
  1595 | D:3      | Gained mutation: Your translucent skin reduces your foes'
                  | accuracy. (Stealth+) [Jiyva's grace]
  1595 | D:3      | Gained mutation: Your transparent skin significantly
                  | reduces your foes' accuracy. (Stealth+) [Jiyva's grace]
  2103 | D:4      | Reached XP level 6. HP: 52/52 MP: 5/5
  2108 | D:4      | Reached skill level 5 in Axes
  2349 | D:4      | Reached **** piety under Jiyva
  2406 | D:4      | Found The Oracle's Delphic Readings.
  2414 | D:4      | Bought a scroll of fear for 52 gold pieces
  2414 | D:4      | Bought a scroll of enchant armour for 97 gold pieces
  2671 | D:5      | Entered Level 5 of the Dungeon
  2718 | D:5      | Noticed an ice beast
  2723 | D:5      | Killed an ice beast
  2724 | D:5      | Reached skill level 5 in Dodging
  2724 | D:5      | Reached XP level 7. HP: 60/60 MP: 4/6
  2781 | D:5      | Noticed Duvessa
  2782 | D:5      | Noticed Dowan
  2785 | D:5      | Killed Dowan
  2788 | D:5      | Killed Duvessa
  2789 | D:5      | Reached skill level 5 in Fighting
  2887 | D:5      | Found Kank's Weapon Emporium.
  2917 | D:5      | Noticed Menkaure
  2944 | D:5      | Killed Menkaure
  2945 | D:5      | Reached XP level 8. HP: 42/70 MP: 5/7
  3081 | D:5      | Reached skill level 5 in Armour
  3083 | D:5      | Found a staircase to the Ecumenical Temple.
  3113 | Temple   | Entered the Ecumenical Temple
  3511 | D:5      | Noticed Eustachio
  3549 | D:5      | Killed Eustachio
  3550 | D:5      | Reached skill level 5 in Throwing
  3815 | D:6      | Reached XP level 9. HP: 81/81 MP: 8/8
  3900 | D:6      | Lost mutation: Your transparent skin significantly reduces
                  | your foes' accuracy. (Stealth+) [Jiyva's grace]
  3900 | D:6      | Gained mutation: You have a small jelly attached to you
                  | that may absorb projectiles. [Jiyva's grace]
  3900 | D:6      | Gained mutation: Your rubbery body absorbs attacks. (AC +1,
                  | EV +1) [Jiyva's grace]
  3900 | D:6      | Gained mutation: Your pliable body absorbs attacks. (AC +2,
                  | EV +2) [Jiyva's grace]
  3900 | D:6      | Gained mutation: Your gelatinous body deflects attacks. (AC
                  | +3, EV +3) [Jiyva's grace]
  4378 | D:6      | Found a faded altar of an unknown god.
  4378 | D:6      | Found a faded altar of an unknown god.
  4380 | D:6      | Found a hazy altar of Hepliaklqana.
  4565 | D:7      | Found a radiant altar of Vehumet.
  4668 | D:7      | Reached ***** piety under Jiyva
  4678 | D:7      | Found an opulent altar of Gozag.
  4970 | D:7      | Found a runed translucent door.
  4971 | D:7      | Found a shimmering altar of Xom.
  4971 | D:7      | Noticed middlethird's ghost (novice VSEE)
  4972 | D:7      | Noticed a +4 mace of chaos
  5154 | D:8      | Found a broken altar of Ashenzari.
  5191 | D:8      | Noticed Maggie
  5207 | D:8      | Killed Maggie
  5208 | D:8      | Reached skill level 10 in Fighting
  5266 | D:8      | Noticed a two-headed ogre
  5276 | D:8      | Killed a two-headed ogre
  5277 | D:8      | Reached XP level 10. HP: 94/94 MP: 9/9
  5447 | D:8      | Found a transporter.
  5541 | D:8      | Found a transporter.
  5937 | D:8      | Got the Papyrus of the Tundra
  5988 | D:9      | Found a shimmering altar of Xom.
  6031 | D:9      | Found a stormy altar of Qazlal.
  6047 | D:9      | Noticed a +0 falchion
  6048 | D:9      | Noticed a +0 short sword
  6048 | D:9      | Noticed a +0 dagger
  6049 | D:9      | Noticed a +0 falchion
  6051 | D:9      | Noticed a +0 dagger
  6051 | D:9      | Noticed a +0 short sword
  6052 | D:9      | Noticed a +0 spear
  6053 | D:9      | Noticed a +0 spear
  6056 | D:9      | Found a hide-covered altar of Uskayaw.
  6111 | D:9      | Found Imitualy's Jewellery Shoppe.
  6163 | D:9      | Found a sparkling altar of Nemelex Xobeh.
  6245 | D:9      | Reached skill level 10 in Axes
  6271 | D:9      | Found Doila's Book Boutique.
  6467 | D:9      | Found Iguanwol's Weapon Shop.
  6475 | D:9      | Bought a +0 executioner's axe of flaming for 300 gold
                  | pieces
  6713 | D:10     | Entered Level 10 of the Dungeon
  6728 | D:10     | Identified the amulet "Kaeq" {Spirit rElec rCorr Int-4}
  6806 | D:10     | Noticed a cyan ugly thing
  6819 | D:10     | Killed a cyan ugly thing
  6820 | D:10     | Reached XP level 11. HP: 86/106 MP: 10/10
  6861 | D:10     | Noticed Erica
  6882 | D:10     | Killed Erica
  6922 | D:10     | Reached skill level 10 in Dodging
  6926 | D:10     | Found a staircase to the Lair.
  6926 | D:10     | Noticed a two-headed ogre
  6937 | D:10     | Killed a two-headed ogre
  7139 | D:10     | Noticed a boulder beetle
  7158 | D:10     | Killed a boulder beetle
  7193 | D:10     | Noticed an orc knight
  7197 | D:10     | Killed an orc knight
  7198 | D:10     | Lost mutation: Your gelatinous body deflects attacks. (AC
                  | +3, EV +3) [Jiyva's grace]
  7198 | D:10     | Gained mutation: Your flesh is cold resistant. (rC+)
                  | [Jiyva's grace]
  7198 | D:10     | Gained mutation: Your flesh is very cold resistant. (rC++)
                  | [Jiyva's grace]
  7198 | D:10     | Gained mutation: Your flesh is almost immune to the effects
                  | of cold. (rC+++) [Jiyva's grace]
  7198 | D:10     | Gained mutation: You are robust. (+10% HP) [Jiyva's grace]
  7213 | D:10     | Noticed an ogre mage
  7218 | D:10     | Killed an ogre mage
  7925 | Lair:1   | Entered Level 1 of the Lair of Beasts
  8017 | Lair:1   | Reached skill level 15 in Fighting
  8075 | Lair:1   | Reached XP level 12. HP: 121/130 MP: 11/11
  8079 | Lair:1   | Reached skill level 10 in Throwing
  8297 | Lair:1   | Noticed a boulder beetle
  8311 | Lair:1   | Killed a boulder beetle
  8777 | Lair:2   | Noticed a death yak
  8778 | Lair:2   | Noticed a death yak
  8785 | Lair:2   | Noticed a death yak
  8786 | Lair:2   | Killed a death yak
  8787 | Lair:2   | Killed a death yak
  8792 | Lair:2   | Killed a death yak
  8806 | Lair:2   | Identified the +8 morningstar of Mandamus {pain, rPois
                  | SInv}
  8898 | Lair:2   | Noticed a four-headed hydra
  8907 | Lair:2   | Killed a one-headed hydra
  8972 | Lair:2   | Lost mutation: Your flesh is almost immune to the effects
                  | of cold. (rC+++) [Jiyva's grace]
  8972 | Lair:2   | Lost mutation: Your pliable body absorbs attacks. (AC +2,
                  | EV +2) [Jiyva's grace]
  8972 | Lair:2   | Lost mutation: Your rubbery body absorbs attacks. (AC +1,
                  | EV +1) [Jiyva's grace]
  8972 | Lair:2   | Gained mutation: You are very robust. (+20% HP) [Jiyva's
                  | grace]
  8972 | Lair:2   | Gained mutation: You are extremely robust. (+30% HP)
                  | [Jiyva's grace]
  8972 | Lair:2   | Gained mutation: You have sharp toenails. [Jiyva's grace]
  8972 | Lair:2   | Gained mutation: You have razor-sharp toenails. [Jiyva's
                  | grace]
  8992 | Lair:2   | Reached XP level 13. HP: 169/169 MP: 12/12
  9078 | Lair:2   | Reached ****** piety under Jiyva
  9240 | Lair:2   | Found a staircase to the Snake Pit.
  9467 | Snake:1  | Entered Level 1 of the Snake Pit
  9614 | Snake:1  | Noticed Nikola
  9629 | Snake:1  | Killed Nikola
 10159 | Snake:2  | Noticed a nagaraja
 10387 | Lair:3   | Lost mutation: You have razor-sharp toenails. [Jiyva's
                  | grace]
 10387 | Lair:3   | Lost mutation: Your translucent skin reduces your foes'
                  | accuracy. (Stealth+) [Jiyva's grace]
 10387 | Lair:3   | Lost mutation: You have a small jelly attached to you that
                  | may absorb projectiles. [Jiyva's grace]
 10387 | Lair:3   | Lost mutation: Your melee attacks may engulf your foes in
                  | ooze. [Jiyva's grace]
 10387 | Lair:3   | Gained mutation: You are covered in slimy tendrils that may
                  | disarm your opponents. [Jiyva's grace]
 10387 | Lair:3   | Gained mutation: You are somewhat resistant to further
                  | mutation. [Jiyva's grace]
 10387 | Lair:3   | Gained mutation: You are somewhat resistant to both further
                  | mutation and mutation removal. [Jiyva's grace]
 10387 | Lair:3   | Gained mutation: You are almost entirely resistant to
                  | further mutation and mutation removal. [Jiyva's grace]
 10724 | Lair:3   | Found a staircase to the Shoals.
 10982 | Lair:3   | Found a runed translucent gate.
 10982 | Lair:3   | Found a runed translucent gate.
 10982 | Lair:3   | Found a runed translucent gate.
 11217 | Lair:3   | Noticed Petet's ghost (journeyman HOGl)
 11218 | Lair:3   | Found a viscous altar of Jiyva.
 11232 | Lair:3   | Killed Petet's ghost
 11431 | Lair:4   | Gained mutation: You expend magic power (3 MP) to
                  | strengthen your wands. [Jiyva's grace]
 11431 | Lair:4   | Lost mutation: You are almost entirely resistant to further
                  | mutation and mutation removal. [Jiyva's grace]
 11431 | Lair:4   | Lost mutation: You are somewhat resistant to both further
                  | mutation and mutation removal. [Jiyva's grace]
 11431 | Lair:4   | Lost mutation: You are somewhat resistant to further
                  | mutation. [Jiyva's grace]
 11431 | Lair:4   | Gained mutation: You have hidden genetic potential.
                  | [Jiyva's grace]
 11431 | Lair:4   | Gained mutation: You have great hidden genetic potential.
                  | [Jiyva's grace]
 11431 | Lair:4   | Gained mutation: Your body has grown eyes which may confuse
                  | attackers. (Acc +3) [Jiyva's grace]
 11574 | Lair:4   | Found a staircase to the Slime Pits.
 11574 | Lair:4   | Found a viscous altar of Jiyva.
 11681 | Lair:4   | Reached XP level 14. HP: 177/182 MP: 13/13
 12071 | Lair:4   | Identified 3 scrolls of acquirement
 12079 | Lair:4   | Lost mutation: You have great hidden genetic potential.
                  | [potion of mutation]
 12079 | Lair:4   | Lost mutation: You expend magic power (3 MP) to strengthen
                  | your wands. [potion of mutation]
 12079 | Lair:4   | Lost mutation: You are extremely robust. (+30% HP) [potion
                  | of mutation]
 12079 | Lair:4   | Gained mutation: You occasionally lose the ability to drink
                  | potions when taking damage. [potion of mutation]
 12101 | Lair:5   | Entered Level 5 of the Lair of Beasts
 12461 | Lair:5   | Reached skill level 15 in Axes
 12592 | Lair:5   | Noticed Rupert
 12607 | Lair:5   | Paralysed by Rupert for 3 turns
 12612 | Lair:5   | Killed Rupert
 12744 | Lair:5   | Lost mutation: You have hidden genetic potential. [Jiyva's
                  | grace]
 12744 | Lair:5   | Lost mutation: You are covered in slimy tendrils that may
                  | disarm your opponents. [Jiyva's grace]
 12744 | Lair:5   | Lost mutation: You occasionally lose the ability to drink
                  | potions when taking damage. [Jiyva's grace]
 12744 | Lair:5   | Gained mutation: You have supernaturally acute eyesight.
                  | (SInv) [Jiyva's grace]
 12744 | Lair:5   | Gained mutation: Your body has grown many eyes which may
                  | confuse attackers. (Acc +5) [Jiyva's grace]
 12744 | Lair:5   | Gained mutation: Your body is covered in eyes which may
                  | confuse attackers. (Acc +7, SInv) [Jiyva's grace]
 12744 | Lair:5   | Gained mutation: You have acidic saliva. [Jiyva's grace]
 13992 | D:12     | Found a staircase to the Orcish Mines.
 14094 | D:12     | Found Fanuh's Armour Boutique.
 14581 | Orc:1    | Entered Level 1 of the Orcish Mines
 14581 | Orc:1    | Found Kuoss's Weapon Shoppe.
 14588 | Orc:1    | Lost mutation: You have supernaturally acute eyesight.
                  | (SInv) [Jiyva's grace]
 14588 | Orc:1    | Lost mutation: Your flesh is very cold resistant. (rC++)
                  | [Jiyva's grace]
 14588 | Orc:1    | Lost mutation: You are very robust. (+20% HP) [Jiyva's
                  | grace]
 14588 | Orc:1    | Lost mutation: You have acidic saliva. [Jiyva's grace]
 14588 | Orc:1    | Gained mutation: Your flesh is very cold resistant. (rC++)
                  | [Jiyva's grace]
 14588 | Orc:1    | Gained mutation: Your flesh is almost immune to the effects
                  | of cold. (rC+++) [Jiyva's grace]
 14588 | Orc:1    | Gained mutation: You are covered in fur. (AC +1) [Jiyva's
                  | grace]
 14588 | Orc:1    | Gained mutation: You are covered in thick fur. (AC +2)
                  | [Jiyva's grace]
 14591 | Orc:1    | Noticed Snorg
 14613 | Orc:1    | Killed Snorg
 14633 | Orc:1    | Noticed Jorgrun
 14854 | D:13     | Found Tete's Armour Shoppe.
 14866 | D:13     | Noticed Sonja
 14880 | D:13     | Killed Sonja
 15554 | Slime:1  | Entered Level 1 of the Pits of Slime
 15601 | Slime:1  | Noticed a quicksilver ooze
 15709 | Slime:1  | Noticed an acid blob
 15750 | Slime:1  | Noticed an acid blob
 15770 | Slime:1  | Noticed an acid blob
 15770 | Slime:1  | Noticed an azure jelly
 16271 | Slime:2  | Noticed an acid blob
 16287 | Slime:2  | Noticed an azure jelly
 16371 | Slime:2  | Noticed an acid blob
 16425 | Slime:2  | Noticed a rockslime
 16428 | Slime:3  | Noticed a rockslime
 16615 | Slime:4  | Noticed a rockslime
 16701 | Slime:4  | Noticed a rockslime
 16704 | Slime:4  | Noticed a quicksilver ooze
 16838 | Slime:4  | Noticed a quicksilver ooze
 16902 | Slime:5  | Entered Level 5 of the Pits of Slime
 16916 | Slime:5  | Noticed a quicksilver ooze
 16978 | Slime:5  | Noticed a rockslime
 16999 | Slime:5  | Noticed a rockslime
 17002 | Slime:5  | Noticed an azure jelly
 17004 | Slime:5  | Noticed an acid blob
 17005 | Slime:5  | Noticed an acid blob
 17008 | Slime:5  | Noticed a quicksilver ooze
 17015 | Slime:5  | Found a viscous altar of Jiyva.
 17016 | Slime:5  | Noticed a quicksilver ooze
 17016 | Slime:5  | Noticed an acid blob
 17017 | Slime:5  | Noticed an acid blob
 17022 | Slime:5  | Identified the +4 hand axe of Discomfort {freeze, Dex+6}
 17025 | Slime:5  | Identified the +5 ring mail "Cuym" {Dex+3}
 17032 | Slime:5  | Identified the +7 lajatang "Pucas" {heavy, Dex+4}
 17040 | Slime:5  | Identified the ring of Xokeerue {AC+4 Int+6 Dex+3 SInv}
 17044 | Slime:5  | Got a slimy rune of Zot
 17046 | Slime:5  | Identified the +7 trident of Doom {venom, *Rage rElec rF++
                  | Stlth+}
 17074 | Slime:5  | Noticed a quicksilver ooze
 17184 | Slime:5  | Noticed an acid blob
 17497 | Lair:5   | Found a large runed translucent door.
 17497 | Lair:5   | Found a large runed translucent door.
 17573 | Lair:5   | Lost mutation: You have sharp toenails. [potion of
                  | mutation]
 17573 | Lair:5   | Lost mutation: Your translucent skin slightly reduces your
                  | foes' accuracy. (Stealth+) [potion of mutation]
 17573 | Lair:5   | Gained mutation: You are resistant to electric shocks.
                  | (rElec) [potion of mutation]
 17956 | D:14     | Reached XP level 15. HP: 164/165 MP: 14/14
 18059 | D:14     | Noticed Frances
 18067 | D:14     | Reached skill level 1 in Polearms
 18070 | D:14     | Killed Frances
 18136 | D:14     | Noticed Josephine
 18143 | D:14     | Killed Josephine
 18154 | D:14     | Reached skill level 10 in Armour
 18159 | D:14     | Paralysed by an ogre mage for 2 turns
 18413 | D:14     | Found a gate to the Vaults.
 18466 | D:14     | Found a white marble altar of Elyvilon.
 18855 | D:15     | Entered Level 15 of the Dungeon
 18860 | D:15     | Gained mutation: You expend magic power (3 MP) to
                  | strengthen your wands. [Jiyva's grace]
 18860 | D:15     | Gained mutation: You possess an exceptional clarity of
                  | mind. [Jiyva's grace]
 18860 | D:15     | Gained mutation: You are covered in slimy tendrils that may
                  | disarm your opponents. [Jiyva's grace]
 18860 | D:15     | Gained mutation: You have very sharp teeth. [Jiyva's grace]
 18956 | D:15     | Reached skill level 5 in Polearms
 18992 | D:15     | Found a staircase to the Depths.
 19185 | D:15     | Noticed Agnes
 19193 | D:15     | Reached skill level 15 in Dodging
 19195 | D:15     | Killed Agnes
 19537 | D:7      | Killed middlethird's ghost
 19727 | Snake:2  | Found a runed translucent door.
 19727 | Snake:2  | Noticed sleeves's ghost (adept BaSu)
 19747 | Snake:2  | You fall into a shaft and drop 1 floor!
 20601 | Snake:2  | Killed a nagaraja
 20967 | Shoals:1 | Entered Level 1 of the Shoals
 21073 | Lair:3   | Acquired 884 gold pieces
 21262 | D:12     | Bought the +9 scales of the Dragon King {rPois rF+ rC+
                  | Will+} for 1497 gold pieces
 21262 | D:12     | Found the +9 scales of the Dragon King {rPois rF+ rC+
                  | Will+}
 21497 | Shoals:1 | Lost mutation: Your flesh is almost immune to the effects
                  | of cold. (rC+++) [Jiyva's grace]
 21497 | Shoals:1 | Lost mutation: Your flesh is very cold resistant. (rC++)
                  | [Jiyva's grace]
 21497 | Shoals:1 | Lost mutation: You are resistant to electric shocks.
                  | (rElec) [Jiyva's grace]
 21497 | Shoals:1 | Lost mutation: Your body is covered in eyes which may
                  | confuse attackers. (Acc +7, SInv) [Jiyva's grace]
 21497 | Shoals:1 | Lost mutation: You are covered in slimy tendrils that may
                  | disarm your opponents. [Jiyva's grace]
 21497 | Shoals:1 | Gained mutation: Your system is resistant to poisons.
                  | (rPois) [Jiyva's grace]
 21497 | Shoals:1 | Gained mutation: Your translucent skin slightly reduces
                  | your foes' accuracy. (Stealth+) [Jiyva's grace]
 21497 | Shoals:1 | Gained mutation: Your translucent skin reduces your foes'
                  | accuracy. (Stealth+) [Jiyva's grace]
 21497 | Shoals:1 | Gained mutation: Your transparent skin significantly
                  | reduces your foes' accuracy. (Stealth+) [Jiyva's grace]
 21622 | Shoals:1 | Reached XP level 16. HP: 140/176 MP: 15/15
 21679 | Shoals:1 | HP: 5/176 [merfolk aquamancer/shard of ice (10)]
 22329 | Shoals:1 | Acquired a manual of Armour
 22331 | Shoals:1 | Acquired the ring "Ossarhal" {Fly rPois rN+ Int+5 SInv}
 23743 | Shoals:3 | Found Geothuid's Jewellery Emporium.
 24548 | Orc:1    | Killed Jorgrun
 24593 | Orc:1    | Lost mutation: You possess an exceptional clarity of mind.
                  | [Jiyva's grace]
 24593 | Orc:1    | Lost mutation: Your flesh is cold resistant. (rC+) [Jiyva's
                  | grace]
 24593 | Orc:1    | Lost mutation: You are covered in thick fur. (AC +2)
                  | [Jiyva's grace]
 24593 | Orc:1    | Lost mutation: Your body has grown many eyes which may
                  | confuse attackers. (Acc +5) [Jiyva's grace]
 24593 | Orc:1    | Lost mutation: Your transparent skin significantly reduces
                  | your foes' accuracy. (Stealth+) [Jiyva's grace]
 24593 | Orc:1    | Lost mutation: You expend magic power (3 MP) to strengthen
                  | your wands. [Jiyva's grace]
 24593 | Orc:1    | Gained mutation: Your body has grown many eyes which may
                  | confuse attackers. (Acc +5) [Jiyva's grace]
 24593 | Orc:1    | Gained mutation: Your body is covered in eyes which may
                  | confuse attackers. (Acc +7, SInv) [Jiyva's grace]
 24593 | Orc:1    | Gained mutation: Your melee attacks may engulf your foes in
                  | ooze. [Jiyva's grace]
 24593 | Orc:1    | Gained mutation: You are strong-willed. (Will+) [Jiyva's
                  | grace]
 24806 | Orc:2    | Entered Level 2 of the Orcish Mines
 24806 | Orc:2    | Found a staircase to the Elven Halls.
 24973 | Orc:2    | Found Paomylid's General Store.
 24975 | Orc:2    | Found Bexkucy's General Store.
 25100 | Orc:2    | Reached XP level 17. HP: 186/187 MP: 16/16
 25155 | Orc:2    | Found Ceag's Antique Weapon Emporium.
 25155 | Orc:2    | Found Suopsynk's Book Shoppe.
 25155 | Orc:2    | Found a one-way gate leading to the halls of Pandemonium.
 25742 | Snake:2  | Killed sleeves's ghost
 25804 | Snake:3  | Found Mehipn's Book Boutique.
 25842 | Snake:3  | Found Luizurog's Assorted Antiques.
 25842 | Snake:3  | Found Poacut's Armour Boutique.
 25846 | Snake:3  | Found Noet's Book Boutique.
 25854 | Snake:3  | Bought a scroll of identify for 84 gold pieces
 25854 | Snake:3  | Bought a scroll of identify for 84 gold pieces
 25854 | Snake:3  | Bought a scroll of identify for 84 gold pieces
 25933 | Snake:3  | Reached skill level 15 in Throwing
 25994 | Snake:3  | Noticed Mlioglotl
 26006 | Snake:3  | Killed Mlioglotl
 26397 | Snake:4  | Entered Level 4 of the Snake Pit
 26933 | Snake:4  | Noticed Vashnia
 27115 | Snake:4  | Reached skill level 15 in Armour
 27123 | Snake:4  | Got a serpentine rune of Zot
 27165 | Snake:4  | Killed Vashnia
 27188 | Snake:4  | Lost mutation: Your system is resistant to poisons. (rPois)
                  | [Jiyva's grace]
 27188 | Snake:4  | Lost mutation: Your translucent skin reduces your foes'
                  | accuracy. (Stealth+) [Jiyva's grace]
 27188 | Snake:4  | Gained mutation: Armour fits poorly on your pseudopods.
                  | [Jiyva's grace]
 27188 | Snake:4  | Gained mutation: Armour fits poorly on your large
                  | pseudopods. [Jiyva's grace]
 27188 | Snake:4  | Gained mutation: Armour fits poorly on your massive
                  | pseudopods. [Jiyva's grace]
 27188 | Snake:4  | Gained mutation: Your muscles are strong. (Str +4, Int/Dex
                  | -1) [Jiyva's grace]
 27924 | Shoals:4 | Entered Level 4 of the Shoals
 27940 | Shoals:4 | Noticed a kraken
 27997 | Shoals:4 | Found a frozen archway.
 28022 | IceCv    | Entered an ice cave
 28038 | IceCv    | Reached XP level 18. HP: 196/198 MP: 17/17
 28352 | IceCv    | Noticed an Ice Fiend
 28352 | IceCv    | Noticed an Ice Fiend
 28358 | IceCv    | Killed an Ice Fiend
 28378 | IceCv    | Killed an Ice Fiend
 29060 | Shoals:4 | Got a barnacled rune of Zot
 29929 | Elf:1    | Entered Level 1 of the Elven Halls
 30214 | Elf:1    | Lost mutation: Your body is covered in eyes which may
                  | confuse attackers. (Acc +7, SInv) [Jiyva's grace]
 30214 | Elf:1    | Lost mutation: Armour fits poorly on your massive
                  | pseudopods. [Jiyva's grace]
 30214 | Elf:1    | Lost mutation: Your melee attacks may engulf your foes in
                  | ooze. [Jiyva's grace]
 30214 | Elf:1    | Gained mutation: Your translucent skin reduces your foes'
                  | accuracy. (Stealth+) [Jiyva's grace]
 30214 | Elf:1    | Gained mutation: Your transparent skin significantly
                  | reduces your foes' accuracy. (Stealth+) [Jiyva's grace]
 30214 | Elf:1    | Gained mutation: Your mind is acute. (Int +4, Str/Dex -1)
                  | [Jiyva's grace]
 30214 | Elf:1    | Gained mutation: Your mind is very acute. (Int +8, Str/Dex
                  | -2) [Jiyva's grace]
 30642 | Elf:1    | Found an ancient bone altar of Kikubaaqudgha.
 30887 | Elf:2    | Reached XP level 19. HP: 187/210 MP: 16/18
 30950 | Elf:2    | Found a radiant altar of Vehumet.
 31092 | Elf:2    | Found a crumbling gateway.
 31143 | Desolati | Entered the Desolation of Salt
 31276 | Desolati | Identified the ring of Zosog {MP+9 Int+3}
 31294 | Desolati | Identified the +11 great sword "Leviticus" {drain, rC-
                  | Dex+3}
 31299 | Desolati | Identified the +5 trident "Gigekam" {pain, Will+ rCorr
                  | Stlth+}
 31308 | Desolati | Got the Omnibus of the Overhead Crater
 31311 | Desolati | Got the Handbook of Karma
 31513 | Desolati | Identified the +9 short sword of the Singing Owl {holy,
                  | rPois Int+2}
 31577 | Desolati | Identified the +2 scimitar "Todaogh" {flame, rElec rPois
                  | Str-5 Dex+4}
 31578 | Desolati | Identified the +1 robe of Hide-and-Seek {+Blink}
 31602 | Desolati | Identified the +6 dagger of Zairar {drain, Fly rF+++ Str+4
                  | Dex-3}
 31761 | Desolati | Identified the ring "Peghos" {rC+ Will+}
 31768 | Desolati | Got the Secrets of the Fifth Circle
 31772 | Desolati | Got the Quarto of the Undead Adder
 32029 | Elf:2    | Found a runed translucent gate.
 32029 | Elf:2    | Found a runed translucent gate.
 32030 | Elf:2    | Found a runed translucent gate.
 32103 | Elf:3    | Entered Level 3 of the Elven Halls
 32115 | Elf:3    | Found Tutticw's Book Shoppe.
 32160 | Elf:3    | Identified the +7 trident of Indignation {speed, *Corrode
                  | Fly Dex+4}
 32428 | Elf:2    | Lost mutation: You are robust. (+10% HP) [Jiyva's grace]
 32428 | Elf:2    | Lost mutation: You are covered in fur. (AC +1) [Jiyva's
                  | grace]
 32428 | Elf:2    | Lost mutation: Your muscles are strong. (Str +4, Int/Dex
                  | -1) [Jiyva's grace]
 32428 | Elf:2    | Lost mutation: Your body has grown many eyes which may
                  | confuse attackers. (Acc +5) [Jiyva's grace]
 32428 | Elf:2    | Lost mutation: Armour fits poorly on your large pseudopods.
                  | [Jiyva's grace]
 32428 | Elf:2    | Gained mutation: Armour fits poorly on your large
                  | pseudopods. [Jiyva's grace]
 32428 | Elf:2    | Gained mutation: Armour fits poorly on your massive
                  | pseudopods. [Jiyva's grace]
 32428 | Elf:2    | Gained mutation: Your muscles are strong. (Str +4, Int/Dex
                  | -1) [Jiyva's grace]
 32428 | Elf:2    | Gained mutation: Your muscles are very strong. (Str +8,
                  | Int/Dex -2) [Jiyva's grace]
 32807 | Elf:3    | Identified the +3 short sword of Eternity {protect, rN++
                  | SInv}
 33101 | Elf:3    | Identified the +1 quarterstaff "Zehodghorch" {speed, rF++}
 33427 | Elf:3    | Reached XP level 20. HP: 202/202 MP: 19/19
 33468 | Elf:3    | Identified the +6 quarterstaff "Eguhuotz" {protect, rElec
                  | Str+2}
 33627 | Elf:3    | Identified the +5 great sword of Fuxtiomo {protect, rCorr
                  | Stlth+}
 33627 | Elf:3    | Identified the +0 leather armour of Zaischupn {Slay+4}
 33632 | Elf:3    | Identified the +5 halberd "Idghouso" {drain, rC+}
 33810 | Elf:3    | Identified the staff of air "Inatann" {+Blink rElec rF+
                  | rCorr Stlth-}
 33812 | Elf:3    | Got Xelaeph's Elucidation of Power
 33816 | Elf:3    | Identified the +1 scale mail "Pekk" {+Blink rC- MP-9 SInv}
 33817 | Elf:3    | Identified the staff of earth "Vikiusai" {Fragile rCorr
                  | Int+7}
 33819 | Elf:3    | Identified the +0 morningstar of Cuala {vamp, Will+}
 34084 | Vaults:1 | Entered Level 1 of the Vaults
 34630 | Vaults:1 | Lost mutation: Your muscles are very strong. (Str +8,
                  | Int/Dex -2) [Jiyva's grace]
 34630 | Vaults:1 | Lost mutation: Your muscles are strong. (Str +4, Int/Dex
                  | -1) [Jiyva's grace]
 34630 | Vaults:1 | Lost mutation: Your transparent skin significantly reduces
                  | your foes' accuracy. (Stealth+) [Jiyva's grace]
 34630 | Vaults:1 | Gained mutation: You are somewhat resistant to further
                  | mutation. [Jiyva's grace]
 34630 | Vaults:1 | Gained mutation: You are somewhat resistant to both further
                  | mutation and mutation removal. [Jiyva's grace]
 34630 | Vaults:1 | Gained mutation: You are almost entirely resistant to
                  | further mutation and mutation removal. [Jiyva's grace]
 34630 | Vaults:1 | Gained mutation: You possess an exceptional clarity of
                  | mind. [Jiyva's grace]
 34749 | Vaults:1 | Found Mifuticre's Book Emporium.
 34939 | Vaults:1 | Found a runed translucent gate.
 34946 | Vaults:1 | Found a runed translucent gate.
 34947 | Vaults:1 | Found a runed translucent gate.
 34947 | Vaults:1 | Found an ancient bone altar of Kikubaaqudgha.
 34947 | Vaults:1 | Noticed a dread lich
 34948 | Vaults:1 | Noticed a dread lich
 34948 | Vaults:1 | Noticed Grendle's ghost (adept GrEE)
 35494 | Vaults:2 | Found a staircase to the Crypt.
 35494 | Vaults:2 | Found an ancient bone altar of Kikubaaqudgha.
 35494 | Vaults:2 | Found a basalt altar of Yredelemnul.
 35882 | Vaults:2 | Reached XP level 21. HP: 165/212 MP: 18/20
 36306 | Vaults:3 | Identified the +5 great mace "Qesanuwk" {holy, Drain rElec
                  | rPois Dex+7}
 36423 | Vaults:3 | Lost mutation: You have very sharp teeth. [Jiyva's grace]
 36423 | Vaults:3 | Lost mutation: Your mind is very acute. (Int +8, Str/Dex
                  | -2) [Jiyva's grace]
 36423 | Vaults:3 | Lost mutation: You are strong-willed. (Will+) [Jiyva's
                  | grace]
 36423 | Vaults:3 | Lost mutation: Your body has grown eyes which may confuse
                  | attackers. (Acc +3) [Jiyva's grace]
 36423 | Vaults:3 | Lost mutation: Armour fits poorly on your massive
                  | pseudopods. [Jiyva's grace]
 36423 | Vaults:3 | Lost mutation: Armour fits poorly on your large pseudopods.
                  | [Jiyva's grace]
 36423 | Vaults:3 | Lost mutation: Your translucent skin reduces your foes'
                  | accuracy. (Stealth+) [Jiyva's grace]
 36423 | Vaults:3 | Lost mutation: You are almost entirely resistant to further
                  | mutation and mutation removal. [Jiyva's grace]
 36423 | Vaults:3 | Lost mutation: You are somewhat resistant to both further
                  | mutation and mutation removal. [Jiyva's grace]
 36423 | Vaults:3 | Lost mutation: You are somewhat resistant to further
                  | mutation. [Jiyva's grace]
 36423 | Vaults:3 | Gained mutation: You have hidden genetic potential.
                  | [Jiyva's grace]
 36423 | Vaults:3 | Gained mutation: You have great hidden genetic potential.
                  | [Jiyva's grace]
 36423 | Vaults:3 | Gained mutation: You passively map a small area around you.
                  | [Jiyva's grace]
 36423 | Vaults:3 | Gained mutation: You passively map the area around you.
                  | [Jiyva's grace]
 36713 | Vaults:3 | Found a runed translucent gate.
 36713 | Vaults:3 | Found a runed translucent gate.
 36713 | Vaults:3 | Found a runed translucent gate.
 36722 | Vaults:3 | Noticed dolemite99's ghost (veteran DrFE)
 36878 | Vaults:3 | Noticed Aizul
 36883 | Vaults:3 | Killed Aizul
 38034 | Vaults:4 | Lost mutation: You passively map the area around you.
                  | [Jiyva's grace]
 38034 | Vaults:4 | Lost mutation: You have great hidden genetic potential.
                  | [Jiyva's grace]
 38034 | Vaults:4 | Lost mutation: You have hidden genetic potential. [Jiyva's
                  | grace]
 38034 | Vaults:4 | Gained mutation: You are partially covered in iridescent
                  | scales. (AC +2) [Jiyva's grace]
 38034 | Vaults:4 | Gained mutation: You are mostly covered in iridescent
                  | scales. (AC +4) [Jiyva's grace]
 38034 | Vaults:4 | Gained mutation: You are completely covered in iridescent
                  | scales. (AC +6) [Jiyva's grace]
 38034 | Vaults:4 | Gained mutation: You are strong-willed. (Will+) [Jiyva's
                  | grace]
 38410 | Vaults:5 | Entered Level 5 of the Vaults
 38410 | Vaults:5 | Found the +2 hat of the Bear Spirit {Spirit, Bear, *Rage
                  | Will++}
 38598 | Vaults:5 | Noticed a golden dragon
 38605 | Vaults:5 | Noticed an ancient lich
 38666 | Vaults:5 | Noticed a golden dragon
 38696 | Vaults:5 | Slimified a golden dragon
 38696 | Vaults:5 | a golden dragon changed into an acid blob
 38712 | Vaults:5 | Reached XP level 22. HP: 93/220 MP: 16/21
 38831 | Vaults:5 | Noticed a dread lich
 38831 | Vaults:5 | Identified the ring of Dawn {Fly rElec rC+ Int-4}
 39261 | Vaults:5 | Noticed an ancient lich
 39261 | Vaults:5 | Noticed a golden dragon
 39375 | Vaults:4 | Killed a golden dragon
 40078 | Vaults:5 | Killed an ancient lich
 40147 | Vaults:5 | Killed a dread lich
 40149 | Vaults:5 | Killed an ancient lich
 40238 | Vaults:5 | Killed a golden dragon
 40238 | Vaults:5 | Identified the ring "Lelirch" {rElec rC+ Will+ rCorr SInv}
 40312 | Vaults:5 | Identified the +2 plate armour of the Farrier {+Blink Str+3
                  | SInv}
 40416 | Vaults:5 | Identified the +0 helmet of the Apothecary {Dex+3}
 40418 | Vaults:5 | Got a silver rune of Zot
 40535 | Vaults:5 | Identified the staff of poison "Udeenegh" {rElec rPois rN+
                  | Dex+4}
 40594 | Vaults:5 | Found Lunimi's Book Shoppe.
 40692 | Vaults:5 | Identified the +0 robe "Gyduxeos" {rPois rC- rCorr Stlth+}
 40698 | Vaults:5 | Got the Vellum of Calid Darkness
 40875 | Vaults:5 | Bought a manual of Axes for 1280 gold pieces
 41064 | Vaults:1 | Killed a dread lich
 41068 | Vaults:1 | Killed a dread lich
 41074 | Vaults:1 | Killed Grendle's ghost
 41080 | Vaults:1 | Identified the ring "Ishaez" {MP+9 Dex+2}
 41090 | Vaults:1 | Got Kikubaaqudgha's Codex of the Catacomb
 41148 | Vaults:1 | Identified the +4 hat "Worghadat" {rF+++ rC- Regen+ Int-5
                  | SInv}
 41371 | Vaults:3 | Killed dolemite99's ghost
 41433 | Vaults:3 | Identified the +0 pair of boots of Ulun {Str+7}
 41486 | Crypt:1  | Entered Level 1 of the Crypt
 41843 | Crypt:1  | Gained mutation: You have a small jelly attached to you
                  | that senses nearby items. [Jiyva's grace]
 41843 | Crypt:1  | Gained mutation: Your translucent skin reduces your foes'
                  | accuracy. (Stealth+) [Jiyva's grace]
 41843 | Crypt:1  | Gained mutation: Your transparent skin significantly
                  | reduces your foes' accuracy. (Stealth+) [Jiyva's grace]
 41843 | Crypt:1  | Gained mutation: You are highly strong-willed. (Will++)
                  | [Jiyva's grace]
 42043 | Crypt:1  | Reached XP level 23. HP: 220/234 MP: 22/22
 43151 | Crypt:3  | Entered Level 3 of the Crypt
 43164 | Crypt:3  | Noticed Xtahua
 43169 | Crypt:3  | Killed Xtahua
 43178 | Crypt:3  | Noticed Zenata
 43188 | Crypt:3  | Killed Zenata
 43294 | Crypt:3  | Lost mutation: You are completely covered in iridescent
                  | scales. (AC +6) [Jiyva's grace]
 43294 | Crypt:3  | Lost mutation: You are mostly covered in iridescent scales.
                  | (AC +4) [Jiyva's grace]
 43294 | Crypt:3  | Lost mutation: You are highly strong-willed. (Will++)
                  | [Jiyva's grace]
 43294 | Crypt:3  | Gained mutation: You are agile. (Dex +4, Str/Int -1)
                  | [Jiyva's grace]
 43294 | Crypt:3  | Gained mutation: You are very agile. (Dex +8, Str/Int -2)
                  | [Jiyva's grace]
 43294 | Crypt:3  | Gained mutation: You are covered in slimy tendrils that may
                  | disarm your opponents. [Jiyva's grace]
 43294 | Crypt:3  | Gained mutation: You have large cloven feet. [Jiyva's
                  | grace]
 43377 | Crypt:3  | Noticed Sojobo
 43391 | Crypt:3  | Paralysed by an air elemental for 1 turns
 43399 | Crypt:3  | Killed Sojobo
 43529 | Crypt:3  | Noticed a curse toe
 43623 | Crypt:3  | Noticed a dread lich
 43628 | Crypt:3  | Killed a dread lich
 43691 | Crypt:3  | Found a staircase to the Tomb.
 43873 | Crypt:3  | Noticed a curse toe
 44220 | Crypt:3  | Killed a curse toe
 44299 | Crypt:3  | Killed a curse toe
 44349 | Crypt:3  | Noticed a dread lich
 44369 | Crypt:3  | Noticed an ancient lich
 44377 | Crypt:3  | Killed a dread lich
 44385 | Crypt:3  | Killed an ancient lich
 44450 | Crypt:3  | Identified the +6 halberd of the Wonderful God {venom,
                  | Str+2}
 44453 | Crypt:3  | Identified the +5 scale mail "Ranuxut" {rF- Str+6}
 44454 | Crypt:3  | Identified the amulet of Fixation {rF+ Regen+ Int+3}
 44476 | Crypt:3  | Identified the ring of Acissees {rElec Int+6}
 44487 | Crypt:3  | Identified the amulet "Jisarycs" {Spirit rElec Will++}
 45005 | Tomb:1   | Entered Level 1 of the Tomb of the Ancients
 45387 | Tomb:1   | Noticed a royal mummy
 45679 | Tomb:1   | Reached XP level 24. HP: 64/247 MP: 6/22
 46163 | Tomb:1   | Killed a royal mummy
 46526 | Tomb:2   | Noticed a royal mummy
 46528 | Tomb:2   | Noticed a royal mummy
 46530 | Tomb:2   | Noticed a royal mummy
 46530 | Tomb:2   | Noticed a royal mummy
 46743 | Tomb:2   | Killed a royal mummy
 46802 | Tomb:2   | Killed a royal mummy
 46865 | Tomb:2   | Killed a royal mummy
 46959 | Tomb:2   | Killed a royal mummy
 47383 | Tomb:1   | Noticed a royal mummy
 47387 | Tomb:1   | Noticed a royal mummy
 47389 | Tomb:1   | Killed a royal mummy
 47403 | Tomb:1   | Killed a royal mummy
 47405 | Tomb:1   | Noticed a royal mummy
 47419 | Tomb:1   | Killed a royal mummy
 47511 | Tomb:1   | Noticed a royal mummy
 47524 | Tomb:1   | Killed a royal mummy
 47527 | Tomb:1   | Reached skill level 27 in Axes
 47533 | Tomb:1   | Noticed a royal mummy
 47547 | Tomb:1   | Killed a royal mummy
 47547 | Tomb:1   | Noticed a royal mummy
 47552 | Tomb:1   | Noticed a royal mummy
 47556 | Tomb:1   | Noticed a royal mummy
 47557 | Tomb:1   | Noticed a royal mummy
 47564 | Tomb:1   | Killed a royal mummy
 47570 | Tomb:1   | Killed a royal mummy
 47571 | Tomb:1   | Reached skill level 27 in Fighting
 47627 | Tomb:1   | Killed a royal mummy
 47635 | Tomb:1   | Killed a royal mummy
 47792 | Tomb:1   | Noticed a royal mummy
 47803 | Tomb:1   | Killed a royal mummy
 47813 | Tomb:1   | Noticed a royal mummy
 47821 | Tomb:1   | Killed a royal mummy
 47905 | Tomb:1   | Noticed a royal mummy
 47915 | Tomb:1   | Killed a royal mummy
 47963 | Tomb:1   | Noticed a royal mummy
 47974 | Tomb:1   | Killed a royal mummy
 48196 | Tomb:2   | Reached skill level 1 in Maces & Flails
 48338 | Tomb:3   | Entered Level 3 of the Tomb of the Ancients
 48338 | Tomb:3   | Found the +3 robe of Clouds {*Thunder rCloud rElec}
 48351 | Tomb:3   | Noticed a royal mummy
 48352 | Tomb:3   | Noticed a royal mummy
 48355 | Tomb:3   | HP: 12/249 [guardian mummy (14)]
 48355 | Tomb:3   | Noticed a royal mummy
 48356 | Tomb:3   | Noticed a royal mummy
 48363 | Tomb:3   | Noticed a dread lich
 48366 | Tomb:3   | Noticed a royal mummy
 48368 | Tomb:3   | Noticed a royal mummy
 48369 | Tomb:3   | Lost mutation: You are partially covered in iridescent
                  | scales. (AC +2) [Jiyva's grace]
 48369 | Tomb:3   | Lost mutation: You are strong-willed. (Will+) [Jiyva's
                  | grace]
 48369 | Tomb:3   | Gained mutation: You have a pair of large horns on your
                  | head. [Jiyva's grace]
 48369 | Tomb:3   | Gained mutation: Your flesh is cold resistant. (rC+)
                  | [Jiyva's grace]
 48369 | Tomb:3   | Gained mutation: Your flesh is very cold resistant. (rC++)
                  | [Jiyva's grace]
 48369 | Tomb:3   | Gained mutation: Your flesh is almost immune to the effects
                  | of cold. (rC+++) [Jiyva's grace]
 48369 | Tomb:3   | Noticed a royal mummy
 48369 | Tomb:3   | Noticed a royal mummy
 49527 | Orc:2    | Bought a potion of heal wounds for 55 gold pieces
 49794 | Depths:1 | Entered Level 1 of the Depths
 50057 | Depths:1 | Reached skill level 5 in Maces & Flails
 50316 | Depths:1 | Found a sacrificial altar of Ru.
 50573 | Depths:1 | Noticed the Enchantress
 50585 | Depths:1 | Killed the Enchantress
 50586 | Depths:1 | Reached XP level 25. HP: 194/257 MP: 18/22
 50686 | Depths:1 | Identified the +7 chain mail "Ilibixt" {rC+ Str+3 Int+3}
 50742 | Depths:1 | Identified the +3 chain mail "Bipyahid" {Str+4}
 50746 | Depths:1 | Got the Secrets of Twinkling Adjuration
 50909 | Depths:1 | Found a gateway to Hell.
 51021 | Depths:2 | Found a one-way gate to the infinite horrors of the Abyss.
 51163 | Depths:2 | You are sucked into a shaft and drop 1 floor!
 51193 | Depths:2 | Found a glowing golden altar of the Shining One.
 51522 | Depths:2 | Lost mutation: You have a pair of large horns on your head.
                  | [Jiyva's grace]
 51522 | Depths:2 | Lost mutation: You are very agile. (Dex +8, Str/Int -2)
                  | [Jiyva's grace]
 51522 | Depths:2 | Lost mutation: Your flesh is almost immune to the effects
                  | of cold. (rC+++) [Jiyva's grace]
 51522 | Depths:2 | Gained mutation: Your mind is very acute. (Int +8, Str/Dex
                  | -2) [Jiyva's grace]
 51522 | Depths:2 | Gained mutation: You have a small jelly attached to you
                  | that may absorb projectiles. [Jiyva's grace]
 51522 | Depths:2 | Gained mutation: Your movements are slightly less
                  | encumbered by armour. (ER -2) [Jiyva's grace]
 51522 | Depths:2 | Gained mutation: Your movements are less encumbered by
                  | armour. (ER -4) [Jiyva's grace]
 52335 | Depths:3 | Found a one-way gateway to a ziggurat.
 52379 | Depths:3 | Found a basalt altar of Yredelemnul.
 52915 | Depths:4 | Entered Level 4 of the Depths
 53282 | Depths:4 | Lost mutation: You have large cloven feet. [Jiyva's grace]
 53282 | Depths:4 | Lost mutation: You are agile. (Dex +4, Str/Int -1) [Jiyva's
                  | grace]
 53282 | Depths:4 | Lost mutation: Your mind is very acute. (Int +8, Str/Dex
                  | -2) [Jiyva's grace]
 53282 | Depths:4 | Lost mutation: Armour fits poorly on your pseudopods.
                  | [Jiyva's grace]
 53282 | Depths:4 | Lost mutation: Your transparent skin significantly reduces
                  | your foes' accuracy. (Stealth+) [Jiyva's grace]
 53282 | Depths:4 | Lost mutation: You have a small jelly attached to you that
                  | senses nearby items. [Jiyva's grace]
 53282 | Depths:4 | Lost mutation: Your movements are less encumbered by
                  | armour. (ER -4) [Jiyva's grace]
 53282 | Depths:4 | Gained mutation: Your melee attacks may engulf your foes in
                  | ooze. [Jiyva's grace]
 53282 | Depths:4 | Gained mutation: Your rubbery body absorbs attacks. (AC +1,
                  | EV +1) [Jiyva's grace]
 53282 | Depths:4 | Gained mutation: Your pliable body absorbs attacks. (AC +2,
                  | EV +2) [Jiyva's grace]
 53282 | Depths:4 | Gained mutation: Your gelatinous body deflects attacks. (AC
                  | +3, EV +3) [Jiyva's grace]
 53448 | Depths:4 | Got the Papyrus of Combative Invitation
 53471 | Depths:4 | Found a gate to the Realm of Zot.
 54072 | Zig:1    | Entered Level 1 of a ziggurat
 54092 | Zig:2    | Entered Level 2 of a ziggurat
 54109 | Zig:2    | Got Sif Muna's Almanac of the Legion and the Morgue
 54121 | Zig:3    | Entered Level 3 of a ziggurat
 54152 | Zig:4    | Entered Level 4 of a ziggurat
 54173 | Zig:4    | Reached XP level 26. HP: 223/266 MP: 20/22
 54189 | Zig:4    | Identified the +1 robe "Kogoymad" {Int+4}
 54212 | Zig:5    | Entered Level 5 of a ziggurat
 54252 | Zig:5    | Identified the +1 robe of the Game of Kings {rC+ Regen+
                  | Str+4 Int-3}
 54253 | Zig:5    | Identified the +0 robe of the Cockroach {Str+2 Slay+2 SInv
                  | Stlth-}
 54339 | Zig:6    | Entered Level 6 of a ziggurat
 54380 | Zig:7    | Entered Level 7 of a ziggurat
 54413 | Zig:7    | Identified the ring "Kiun" {rElec rPois Int+3 Dex+6}
 54415 | Zig:7    | Got Yclexut's Incunable of Radiant Sciomancy
 54417 | Zig:7    | Identified the staff of poison "Mugunuj" {rElec rPois Dex+6
                  | Stlth+}
 54418 | Zig:7    | Identified the staff of fire "Xoickeha" {rElec rF+ Dex+4}
 54462 | Zig:8    | Entered Level 8 of a ziggurat
 54504 | Zig:8    | Identified the +7 long sword "Helanno" {drain, rElec}
 54508 | Zig:9    | Entered Level 9 of a ziggurat
 54516 | Zig:9    | Noticed Muacu the pandemonium lord
 54531 | Zig:9    | Killed Muacu the pandemonium lord
 54549 | Zig:9    | Identified the ring "Ceyninn" {rN+ Slay+2}
 54555 | Zig:9    | Got Sif Muna's Omnibus of Sizzling Bodies
 54634 | Zig:10   | Entered Level 10 of a ziggurat
 54642 | Zig:10   | Noticed an ancient lich
 54657 | Zig:10   | Killed an ancient lich
 54685 | Zig:10   | Identified the +3 quarterstaff "Zhuub's Foe" {drain, Dex+3}
 54688 | Zig:10   | Identified the +7 dagger of Beogh's Brutal Revenge {pain,
                  | rF+ Int+5 Dex+2}
 54691 | Zig:10   | Identified the +4 trident of Darkness {freeze, rElec rPois}
 54692 | Zig:10   | Identified the +8 flail "Zygocao" {heavy, Dex+2}
 54702 | Zig:10   | Identified the staff of poison "Nizivek" {rPois rF+ rN+}
 54705 | Zig:11   | Entered Level 11 of a ziggurat
 54713 | Zig:11   | Noticed an ancient lich
 54736 | Zig:11   | HP: 8/266 [jiangshi[a curse skull] (12)]
 54744 | Depths:3 | Killed an ancient lich
 54745 | Depths:3 | Reached skill level 27 in Dodging
 54886 | Hell     | Entered the Vestibule of Hell
 54887 | Hell     | Noticed Geryon
 54902 | Hell     | Killed Geryon
 55158 | Depths:3 | Reached XP level 27. HP: 273/273 MP: 22/22
 55844 | Tomb:3   | HP: 12/272 [ancient champion/+2 battleaxe of draining (12)]
 55847 | Tomb:3   | HP: 5/270 [mummy priest/divine providence (10)]
 55848 | Tomb:3   | Noticed a royal mummy
 55848 | Tomb:3   | Killed from afar by a royal mummy

Illustrated notes

Levels and vault maps discovered:
D:1:      onia_arrival_handbag, layout_basic, hellmonk_ecumenical_altar_lost_god
D:2:      layout_basic, chequers_serial_rivers_room_b, minmay_snake_closets
D:3:      layout_loops_ring, ebering_ghost_sewer_d
D:4:      layout_cave_pools, roderic_three_in_a_row,
          minmay_misc_feat_more_columns, nicolae_nh_oracle_at_delphi
D:5:      layout_loops_cross, minmay_temple_entry_offerings, serial_shops, shop,
          minmay_manual_monstrance, uniq_eustachio, uniq_duvessa, uniq_menkaure
D:6:      minmay_general_purpose_star, layout_loops_cross,
          nicolae_hepliaklqana_ecumenical_no_more
D:7:      layout_gridville, kennysheep_mini_moat, nicolae_gozag_seed_capital,
          ebering_ghost_xom, serial_park_tiny_2
D:8:      layout_rooms, nicolae_ashenzari_skybound, nicolae_hexahallways,
          nicolae_diode_stairs, uniq_maggie
D:9:      layout_rooms, nicolae_overflow_crystal_walls,
          nicolae_uskayaw_en_pointe, marbit_many_paths,
          mainiacjoe_overflow_24_doors, serial_shops,
          nicolae_inconvenience_store, nicolae_shop_bloodbath_and_beyond,
          nicolae_lakefront_shop
D:10:     minmay_the_grid_octo_triangle [minmay_the_grid_octo_77,
          minmay_the_grid_octo_prize_single_spiral,
          minmay_the_grid_octo_fat_diamond], layout_loops_ring, uniq_erica
D:11:     layout_basic, hangedman_abyss_or_decor_stabs, lemuel_flamethrower_1
D:12:     layout_basic, david_orc_4, serial_shops, nicolae_lakefront_shop
D:13:     layout_roguey, serial_shops, shop, uniq_sonja
D:14:     layout_loops_ring, hangedman_vaults_entry_quadrant_bands,
          elyvilon_altar_3, uniq_josephine, uniq_frances
D:15:     grunt_enter_depths_magical_seal, layout_basic,
          hangedman_abyss_or_decor_lesser_grid, uniq_agnes
Temple:   nicolae_temple_bog_church
Lair:1:   layout_chaotic_city, grunt_megastairs_4, serial_bayou_shore_b
Lair:2:   layout_gridlike, dummy_snake_entry, cheibrodos_lair_lostbears,
          serial_bayou_shore_b
Lair:3:   layout_hall_layers, minmay_shoals_entry_centaurs, gammafunk_ghost_ooze
Lair:4:   layout_gridlike, minmay_slime_entry_pillars, beast_lair_carwin_8
Lair:5:   cheibrodos_lair_end_hotspot, layout_gridlike,
          grunt_forest_large_clearings, uniq_rupert
Shoals:1: layout_shoals, nicolae_splish_splash
Shoals:2: nzn_motion_control, layout_shoals
Shoals:3: layout_shoals, nicolae_take_the_stairs
Shoals:4: shoals_end_hangedman, layout_shoals,
          portal_ice_cave_entry_pillars_four, nicolae_shoals_kraken_party
Snake:1:  layout_basic, st_stairs_9, uniq_nikola
Snake:2:  layout_cave_shapes, gammafunk_ghost_grave
Snake:3:  layout_misc_corridors, drop_trap, minmay_shop_grid_forest,
          uniq_mlioglotl
Snake:4:  johnstein_snake_rune_scales, layout_layer_cave
Slime:1:  cheibrodos_slime_lost_civilization_9, layout_caves,
          nicolae_slime_phagocytosis
Slime:2:  layout_caves
Slime:3:  layout_caves
Slime:4:  layout_caves, cheibrodos_slime_lost_civilization_6
Slime:5
Orc:1:    layout_diamond_mine, serial_shops, shop, uniq_jorgrun, uniq_snorg
Orc:2:    pf_orc_diabolical, layout_caves, basic_altar
Elf:1:    nicolae_elf_arrival_no_cutting_in_line, layout_geoelf_octagon,
          basic_altar, evilmike_minifort
Elf:2:    elven_hall_of_blades_hangedman_original [grunt_blade_entry_basic],
          layout_loops_ring, portal_desolation_entry_nicolae_nacl, basic_altar
Elf:3:    elf_hall, layout_rooms, serial_shops, shop,
          roderic_lattice_octagonal_star
Vaults:1: gammafunk_ghost_crypt, nicolae_vaults_meiosis,
          nicolae_vaults_ellipses_ellipsis, nicolae_vaults_network_s,
          v_pattern_5, vaults_mumra_minichess_inversion, vaults_room_boxed,
          nicolae_vaults_circle_grid_b, nicolae_vaults_offset_grid_hallway_1,
          nicolae_vaults_octothorpe, layout_vaults_omnibox, serial_shops,
          nicolae_shop_trees
Vaults:2: nicolae_vaults_surprise_closet, nicolae_vaults_trapezoid_lopsided_3,
          ontoclasm_vaults_claustrophobia, v_misc_30, hangedman_vaults_stagger,
          minmay_crypt_entry_necro_gods, nicolae_vaults_murder_corner,
          v_alt_pattern_6, nicolae_vaults_closet_pinwheel_5,
          vaults_standard_mumra_enter_the_diamond, vaults_dpeg_hooks,
          nicolae_vaults_angled_halls, nicolae_vaults_house_3,
          layout_vaults_ring
Vaults:3: gammafunk_ghost_tricky_traps, nicolae_vaults_big_ls,
          nicolae_vaults_trapezoid_lopsided_2, vaults_room_pool,
          nicolae_vaults_wine_cellar, nicolae_vaults_tetromino_L_1,
          layout_vaults_chaotic_city, uniq_aizul
Vaults:4: nicolae_vaults_house_2, nicolae_vaults_storage_closets_2,
          nicolae_vaults_tetromino_Z_2, hangedman_vaults_unwind,
          hangedman_vaults_corner, v_misc_13, nicolae_vaults_tetromino_Z_2,
          v_pattern_1, nicolae_vaults_trapezoid_lopsided_3,
          nicolae_vaults_shipping_containers_3, vaults_mumra_chevron_long,
          nicolae_vaults_angled_halls, nicolae_vaults_network_square,
          nicolae_vaults_tetromino_L_1, nicolae_vaults_gold_heap,
          layout_vaults_omnicross
Vaults:5
Crypt:1:  layout_gridlike, grunt_megastairs_1
Crypt:2:  layout_gridlike, grunt_ministairs_13, grunt_megastairs_5
Crypt:3:  david_glass_crypt, layout_basic, tomb_entry_simple_bobbens,
          uniq_xtahua, uniq_zenata, uniq_sojobo
Tomb:1
Tomb:2
Tomb:3
Depths:1: layout_long_grid, lemuel_tele_altar, hellmouth_2, horrible_house_mu,
          uniq_enchantress
Depths:2: minmay_tri_stars, layout_gridville, grunt_pan_entry_zigzag,
          abyss_entry, hangedman_abyss_or_decor_stagger, hell_entry,
          tso_oasis_becter
Depths:3: hangedman_arrow_trap, layout_cave_pools, enter_ziggurat_a, hell_entry,
          abyss_entry, minmay_misc_feat_nine_boxes, hangedman_blasphemy
Depths:4: grunt_zot_entry_tricorne, layout_gridlike, pf_dread_powers_of_hell
Hell

Skill      XL: |  1  2  3  4  5  6  7  8  9 10 11 12 13 14 15 16 17 18 19 20 21 22 23 24 25 26 27 |
---------------+----------------------------------------------------------------------------------+-----
Axes           | 4 5 6 7 9 10 12 13 14 15 16 17 18 19 20 21 22 24 26 27 | 27.0
Fighting       | 3 4 5 7 10 12 15 16 17 18 19 20 21 22 23 24 25 26 27 | 27.0
Armour         | 1 2 3 4 5 7 9 10 12 15 17 19 20 | 20.6
Dodging        | 4 5 6 8 9 11 12 13 14 15 16 17 18 19 20 21 22 23 24 26 27 | 27.0
Throwing       | 3 4 5 7 8 9 11 12 13 14 15 16 17 18 19 20 21 22 24 25 | 25.7
Polearms       | 8 9 |  9.0
Maces & Flails | 6 9 |  9.4

Action                     |  1- 3 |  4- 6 |  7- 9 | 10-12 | 13-15 | 16-18 | 19-21 | 22-24 | 25-27 || total
---------------------------+-------+-------+-------+-------+-------+-------+-------+-------+-------++-------
  Melee: War axe           |    54 |    77 |   121 |       |       |       |       |       |       ||   252
         Headbutt          |     4 |    12 |    44 |    82 |   178 |   290 |   280 |   342 |   213 ||  1445
         Punch             |       |     1 |     1 |     2 |     1 |       |       |       |       ||     5
         Hand axe          |       |       |    79 |   133 |       |       |       |       |       ||   212
         Executioner's axe |       |       |       |   217 |   376 |   194 |   709 |  1120 |   665 ||  3281
         Morningstar       |       |       |       |       |    35 |       |       |       |       ||    35
         Battleaxe         |       |       |       |       |   118 |   852 |   304 |       |       ||  1274
         Trident           |       |       |       |       |   192 |       |       |       |       ||   192
         Bite              |       |       |       |       |    31 |   174 |   107 |       |       ||   312
         Pseudopods        |       |       |       |       |       |    91 |   269 |   346 |   112 ||   818
         Great mace        |       |       |       |       |       |       |       |    49 |       ||    49
  Throw: Throwing net      |       |       |     2 |     1 |       |       |       |     1 |       ||     4
         Dart              |       |       |     4 |       |       |       |       |       |     4 ||     8
         Javelin           |       |       |       |       |       |     7 |       |     1 |       ||     8
         Boomerang         |       |       |       |       |       |    18 |    50 |    28 |       ||    96
 Invoke: Oozemancy         |       |     1 |     3 |     2 |     7 |     7 |     4 |     7 |     2 ||    33
         Slimify           |       |       |       |       |     1 |       |     2 |     4 |     2 ||     9
  Evoke: Wand              |       |       |       |       |    15 |    28 |     1 |     4 |     5 ||    53
         Condenser vane    |       |       |       |       |       |     1 |       |     1 |     1 ||     3
         Lightning rod     |       |       |       |       |       |       |       |     8 |       ||     8
         Phantom mirror    |       |       |       |       |       |       |       |     1 |       ||     1
         Horn of Geryon    |       |       |       |       |       |       |       |       |     1 ||     1
    Use: Scroll            |       |       |     1 |     2 |    12 |    10 |    12 |    22 |     6 ||    65
         Potion            |       |       |       |       |     5 |     2 |     3 |    13 |     8 ||    31
   Stab: Sleeping          |       |     4 |     2 |     4 |     8 |       |       |       |       ||    18
         Held in net/web   |       |       |     2 |       |       |       |       |       |       ||     2
         Distracted        |       |       |       |     1 |     1 |     1 |       |     2 |     2 ||     7
         Confused          |       |       |       |       |    31 |    41 |    10 |     2 |       ||    84
         Petrified         |       |       |       |       |       |     3 |       |       |       ||     3
         Invisible         |       |       |       |       |       |       |       |     2 |       ||     2
 Armour: Leather armour    |    13 |    13 |    34 |       |       |       |       |       |       ||    60
         Swamp dragon scal |       |       |    13 |   111 |   151 |       |       |       |       ||   275
         Troll leather arm |       |       |       |       |   145 |       |       |       |       ||   145
         Gold dragon scale |       |       |       |       |    26 |   727 |   658 |   881 |   434 ||  2726
  Dodge: Dodged            |    28 |    76 |   231 |   431 |   848 |   596 |   643 |  1233 |   730 ||  4816
